 Dungeon Crawl Stone Soup version 0.30-a0-737-gf23d94013f (webtiles) character file.

Game seed: 4500987453528547050

16817 jimonade the Thaumaturge (level 12, -26/97 HPs)
             Began as a Gnoll Hedge Wizard on Feb 2, 2023.
             Was a Priest of Ashenzari.
             Annihilated by an anaconda simulacrum (29 damage)
             ... in an ice cave.
             The game lasted 00:40:46 (13173 turns).

jimonade the Thaumaturge (Gnoll Hedge Wizard)      Turns: 13173, Time: 00:40:46

Health: -26/97     AC: 12    Str: 19    XL:     12   Next: 41%
Magic:  28/28      EV: 14    Int: 13    God:    Ashenzari [***...]
Gold:   560        SH:  6    Dex: 14    Spells: 19/36 levels left

rFire   . . .      SeeInvis +    a - +8 trident of the Octopus King {venom, rElec rPois}
rCold   . . .      Faith    .    m - +0 buckler
rNeg    . . .      Spirit   .    j - +0 ring mail of Ashenzari's Sorrow {Alch, Elem} (curse)
rPois   +          Reflect  .    A - +0 helmet "Perceptive Yoke" {Elem, Melee} (curse)
rElec   +          Harm     .    p - +0 cloak of Star-Bound Wisdom {Bglg, Self} (curse)
rCorr   .          Rampage  .    e - +0 pair of gloves of Ashenzari's Regret {Alch, Self} (curse)
Will    .....      Clarity  +    g - +0 pair of boots of the Prophetic Vision {Elem, Evo} (curse)
Stlth   +++                      (no amulet)
HPRegen 0.36/turn                o - +6 ring of strength
MPRegen 0.21/turn                s - ring of flight

@: sluggish, flying, very slow
A: fangs 1, strong nose, distributed training
a: Renounce Religion, Curse Item, Shatter the Chains


You were in an ice cave.
You worshipped Ashenzari.
Ashenzari was most pleased with you.
You visited 2 branches of the dungeon, and saw 11 of its levels.
You also visited: Sewer, Ossuary and Ice Cave.

You collected 560 gold pieces.

Inventory:

Hand Weapons
 a - the +8 trident of the Octopus King (weapon) {venom, rElec rPois}
   (You found it on level 3 of the Dungeon)

   rElec:     It insulates you from electricity.
   rPois:     It protects you from poison.
 b - the +5 Force Lance {heavy, knockback}
   (You found it on level 9 of the Dungeon)
 U - the +6 whip of the Beastly God {drain, rN+ rCorr}
   (You found it on level 9 of the Dungeon)

   rN:        It protects you from negative energy.
   rCorr:     It protects you from acid and corrosion.
 W - a +3 sling of draining
Missiles
 u - 13 poisoned darts
 x - 4 boomerangs
 G - 2 boomerangs of dispersal
 H - 61 stones
 O - 5 silver boomerangs
 V - 4 throwing nets
Armour
 e - the cursed +0 pair of gloves of Ashenzari's Regret (worn) {Alch, Self}
   (You found it on level 1 of the Dungeon)

   It has a curse which improves the following skills: Alchemy: Poison Magic and
   Transmutations.
   Introspection: Fighting and Spellcasting.
 g - the cursed +0 pair of boots of the Prophetic Vision (worn) {Elem, Evo}
   (You found it on level 1 of the Dungeon)

   It has a curse which improves the following skills: Elements: Fire Magic, Ice
   Magic, Air Magic and Earth Magic.
   Evocations: Evocations.
 h - a +0 chain mail
 j - the cursed +0 ring mail of Ashenzari's Sorrow (worn) {Alch, Elem}
   (You found it on level 1 of the Dungeon)

   It has a curse which improves the following skills: Alchemy: Poison Magic and
   Transmutations.
   Elements:  Fire Magic, Ice Magic, Air Magic and Earth Magic.
 m - a +0 buckler (worn)
 p - the cursed +0 cloak of Star-Bound Wisdom (worn) {Bglg, Self}
   (You took it off Crazy Yiuf on level 5 of the Dungeon)

   It has a curse which improves the following skills: Beguiling: Conjurations,
   Hexes and Translocations.
   Introspection: Fighting and Spellcasting.
 A - the cursed +0 helmet "Perceptive Yoke" (worn) {Elem, Melee}
   (You took it off Robin on level 3 of the Dungeon)

   It has a curse which improves the following skills: Elements: Fire Magic, Ice
   Magic, Air Magic and Earth Magic.
   Melee Combat: Short Blades, Long Blades, Axes, Maces & Flails, Polearms,
   Staves and Unarmed Combat.
 C - a +2 robe of fire resistance
 L - a +0 ring mail
Jewellery
 o - a +6 ring of strength (left hand)
 s - a ring of flight (right hand)
 M - a +6 ring of dexterity
 Y - a ring of protection from cold
Wands
 y - a wand of polymorph (3)
 R - a wand of roots (5)
 S - a wand of flame (3)
 T - a wand of charming (14)
Scrolls
 c - a scroll of fear
 f - 8 scrolls of teleportation
 i - 2 scrolls of amnesia
 k - 8 scrolls of vulnerability
 l - 3 scrolls of immolation
 q - 19 scrolls of identify
 v - 3 scrolls of fog
 B - 2 scrolls of enchant armour
 J - 2 scrolls of poison
 N - 3 scrolls of enchant weapon
 P - a scroll of blinking
 X - a scroll of brand weapon
Potions
 d - 3 potions of magic
 n - 2 potions of resistance
 r - 4 potions of curing
 t - a potion of haste
 w - 6 potions of heal wounds
 z - 2 potions of attraction
 D - 7 potions of flight
 E - 2 potions of invisibility
 F - 2 potions of might
 I - 3 potions of brilliance
 K - a potion of lignification
 Q - 3 potions of ambrosia


   Skills:
 + Level 7.5(10.0) Fighting
 + Level 7.5(9.2) Short Blades
 + Level 7.5(9.2) Long Blades
 + Level 7.5(9.2) Axes
 + Level 7.5(9.2) Maces & Flails
 + Level 7.5(9.2) Polearms
 + Level 7.5(9.2) Staves
 + Level 7.5 Ranged Weapons
 + Level 7.5 Throwing
 + Level 7.5 Armour
 + Level 8.9 Dodging
 + Level 8.7 Stealth
 + Level 7.5 Shields
 + Level 7.5(9.2) Unarmed Combat
 + Level 10.4(12.8) Spellcasting
 + Level 6.6(8.3) Conjurations
 + Level 6.2(7.9) Hexes
 + Level 6.6 Summonings
 + Level 6.2 Necromancy
 + Level 6.6(8.3) Translocations
 + Level 6.2(8.7) Transmutations
 + Level 6.2(9.5) Fire Magic
 + Level 6.2(9.5) Ice Magic
 + Level 6.2(9.5) Air Magic
 + Level 6.2(9.5) Earth Magic
 + Level 6.2(8.7) Poison Magic
 + Level 8.2 Invocations
 + Level 7.5(9.2) Evocations


You had 19 spell levels left.
You knew the following spells:

 Your Spells              Type           Power      Damage    Failure   Level
a - Magic Dart            Conj           100%       1d8       1%          1
b - Blink                 Tloc           60%        N/A       1%          2
c - Call Imp              Summ           25%        N/A       1%          2
d - Mephitic Cloud        Conj/Pois/Air  31%        N/A       1%          3
e - Fulminant Prism       Conj/Hex       14%        3d8       6%          4
f - Passwall              Tmut/Erth      26%        N/A       1%          2
g - Swiftness             Air            33%        N/A       1%          3

Your spell library contained the following spells:

 Spells                   Type           Power      Damage    Failure   Level
 Apportation              Tloc           60%        N/A       1%          1
 Beastly Appendage        Tmut           62%        N/A       1%          1
 Necrotise                Necr           96%        1d8       1%          1
 Slow                     Hex            100%       N/A       1%          1
 Summon Small Mammal      Summ           100%       N/A       1%          1
 Cigotuvi's Dreadful Rot  Necr/Pois/Air  58%        N/A       1%          2
 Ensorcelled Hibernation  Hex/Ice        62%        N/A       1%          2
 Searing Ray              Conj           60%        2d6       1%          2
 Wereblood                Tmut           31%        N/A       1%          2
 Spider Form              Tmut/Pois      31%        N/A       1%          3
 Conjure Ball Lightning   Conj/Air       15%        3x3d6     54%         6
 Eringya's Noxious Bog    Tmut/Pois      15%        N/A       56%         6


Dungeon Overview and Level Annotations

Branches:
Dungeon (9/15)             Temple (0/1) D:5            Lair (2/5) D:9
  Sewer (visited)         Ossuary (visited)           IceCv (1/1)
  Swamp: Lair:2-3    Shoals: Lair:2-3     Snake: Lair:2-3    Spider: Lair:2-3
    Orc: D:9-12

Altars:
Ashenzari
Elyvilon
Gozag
Kikubaaqudgha
Ru
Trog
Vehumet
Xom
Yredelemnul
Zin
The Shining One

Annotations:
D:7 5 runed translucent doors, 2 transporters


Innate Abilities, Weirdness & Mutations

You have very sharp teeth.
Your uncanny sense of smell can sniff out nearby items.
Your experience applies equally to all skills.


Message History

You are engulfed in freezing vapours.
The white ugly thing is engulfed in freezing vapours. x2
The ice statue gestures.
You completely miss the ice statue.
The ice statue is heavily damaged.
You puncture the ice statue!
The ice statue is heavily damaged.
You block the ice beast's attack.
The ice statue glitters chillingly in the dim dungeon light.
The ice statue gestures.
You hit the ice statue but do no damage.
The ice statue is heavily damaged.
The ice beast barely misses you.
You puncture the ice statue!
The ice statue is severely damaged.
You start to feel a little slower.
The ice beast barely misses you.
You puncture the ice statue!
The ice statue is severely damaged.
The ice beast barely misses you. The ice statue gestures at you.
The bolt of cold misses you.
The bolt of cold misses the ice beast.
You hit the ice statue but do no damage.
The ice statue is severely damaged.
The ice beast misses you.
You impale the ice statue!!
You destroy the ice statue!
The ice beast disappears in a puff of smoke! x3
You feel sluggish.
The anaconda simulacrum attacks as you move away!
You block the anaconda simulacrum's attack.
The anaconda simulacrum closely misses you.
The anaconda simulacrum bites you. The anaconda simulacrum freezes you!!
* * * LOW HITPOINT WARNING * * *
The anaconda simulacrum attacks as you move away!
You block the anaconda simulacrum's attack.
The anaconda simulacrum bites you.
* * * LOW HITPOINT WARNING * * *
The anaconda simulacrum freezes you!!
You die...

#### ############# * ###*
...## ##....)#.....## * ..)$
....###......#......## .....
.....#.......#..@Zu.Z#§.....
..∩.........................
.....#.......#.......#......
....###.....)#......##*.....
...## ##..).[#.....## ..$[ *
#### ############# ###*


You could see a white ugly thing, an anaconda simulacrum and a dire elephant
simulacrum.

Vanquished Creatures
  Harold (D:9)
  Amaemon (Lair:1)
  An ugly thing (IceCv)
  3 ice statues (IceCv)
  5 cane toads
  An orange demon (Lair:1)
  Psyche (D:8)
  A rime drake (Lair:1)
  A komodo dragon (Lair:1)
  2 anaconda simulacra (IceCv)
  2 ice devils (Lair:2)
  A troll (D:8)
  A hornet (D:9)
  Sigmund (D:3)
  A basilisk (D:9)
  34 yaks
  2 wyverns (D:9)
  A death yak simulacrum (IceCv)
  8 water moccasins
  2 orc warriors
  2 sky beasts
  4 black bears
  An ogre (D:4)
  2 phantoms
  3 kobold brigands
  Blork the orc (D:6)
  5 bullfrogs
  2 necrophages
  A gnoll sergeant (D:9)
  A cane toad simulacrum (IceCv)
  2 scorpions (D:5)
  4 wights (D:9)
  3 water moccasin zombies (Ossuary)
  6 killer bees (D:9)
  6 howler monkeys
  4 crimson imps (D:8)
  Crazy Yiuf (D:5)
  4 hounds
  A jelly (D:5)
  A gnoll bouda (D:7)
  2 orc priests
  4 iguanas
  15 orc wizards
  2 polar bear simulacra (IceCv)
  A wolf simulacrum (IceCv)
  2 mummies (Ossuary)
  Robin (D:3)
  10 gnolls
  6 adders
  2 river rats (Sewer)
  A shadow imp (D:5)
  A white imp (D:7)
  An ufetubus (D:6)
  8 adder zombies (Ossuary)
  2 worms
  A dart slug (D:1)
  30 orcs
  8 bats
  5 endoplasms
  2 giant cockroaches
  3 gnoll zombies (Ossuary)
  18 goblins
  6 hobgoblins
  A jackal (Sewer)
  9 kobolds
  3 quokkas
  8 ball pythons
  4 frilled lizards
  2 hobgoblin zombies (Ossuary)
  3 kobold zombies (Ossuary)
  6 orc zombies (Ossuary)
  8 rats
299 creatures vanquished.

Vanquished Creatures (others)
  8 fulminant prisms (IceCv)
  12 fungi
  10 plants
30 creatures vanquished.

Grand Total: 329 creatures vanquished

Notes
Turn   | Place    | Note
-------+----------+-------------------------------------------
     0 | D:1      | jimonade the Gnoll Hedge Wizard began the quest for the
                  | Orb.
     0 | D:1      | Reached XP level 1. HP: 13/13 MP: 8/8
   287 | D:1      | Reached XP level 2. HP: 20/20 MP: 5/10
   842 | D:1      | Learned a level 2 spell: Blink
   845 | D:1      | Learned a level 2 spell: Call Imp
   882 | D:2      | Found a faded altar of an unknown god.
   938 | D:2      | Reached XP level 3. HP: 25/25 MP: 9/11
  1027 | D:2      | Reached skill level 1 in Invocations
  1337 | D:2      | Reached skill level 1 in Fighting
  1337 | D:2      | Reached skill level 1 in Short Blades
  1337 | D:2      | Reached skill level 1 in Long Blades
  1337 | D:2      | Reached skill level 1 in Axes
  1337 | D:2      | Reached skill level 1 in Maces & Flails
  1337 | D:2      | Reached skill level 1 in Polearms
  1337 | D:2      | Reached skill level 1 in Staves
  1337 | D:2      | Reached skill level 1 in Ranged Weapons
  1337 | D:2      | Reached skill level 1 in Throwing
  1337 | D:2      | Reached skill level 1 in Armour
  1337 | D:2      | Reached skill level 1 in Shields
  1337 | D:2      | Reached skill level 1 in Unarmed Combat
  1337 | D:2      | Reached skill level 1 in Evocations
  1641 | D:3      | Found the +8 trident of the Octopus King {venom, rElec
                  | rPois}
  1660 | D:3      | Reached XP level 4. HP: 32/32 MP: 7/13
  1663 | D:3      | Reached skill level 1 in Hexes
  1663 | D:3      | Reached skill level 1 in Necromancy
  1663 | D:3      | Reached skill level 1 in Transmutations
  1663 | D:3      | Reached skill level 1 in Fire Magic
  1663 | D:3      | Reached skill level 1 in Ice Magic
  1663 | D:3      | Reached skill level 1 in Air Magic
  1663 | D:3      | Reached skill level 1 in Earth Magic
  1663 | D:3      | Reached skill level 1 in Poison Magic
  1716 | D:3      | Noticed Robin
  1728 | D:3      | Killed Robin
  1766 | D:3      | Reached XP level 5. HP: 37/37 MP: 14/14
  2024 | D:3      | Found a glowing golden altar of the Shining One.
  2024 | D:3      | Found a glowing silver altar of Zin.
  2024 | D:3      | Found a bloodstained altar of Trog.
  2061 | D:3      | Noticed Sigmund
  2077 | D:3      | Killed Sigmund
  2078 | D:3      | Reached skill level 5 in Dodging
  2078 | D:3      | Reached XP level 6. HP: 44/44 MP: 14/16
  2468 | D:4      | Noticed a black bear
  2481 | D:4      | Killed a black bear
  2482 | D:4      | Reached XP level 7. HP: 46/51 MP: 18/18
  2492 | D:4      | Reached skill level 5 in Stealth
  2618 | D:4      | Found a broken altar of Ashenzari.
  2684 | D:4      | Became a worshipper of Ashenzari the Shackled
  2815 | D:4      | Found a basalt altar of Yredelemnul.
  2908 | D:4      | Found a white marble altar of Elyvilon.
  3178 | D:5      | Entered Level 5 of the Dungeon
  3215 | D:5      | Got Vubbas's Book of Bright Reformation
  3240 | D:5      | Reached XP level 8. HP: 44/58 MP: 19/19
  3416 | D:5      | Found a sand-covered staircase.
  3420 | Ossuary  | Entered an ossuary
  3724 | D:5      | Found a runed translucent door.
  3725 | D:5      | Noticed Crazy Yiuf
  3821 | D:5      | Found a staircase to the Ecumenical Temple.
  3851 | D:5      | Reached skill level 8 in Spellcasting
  3976 | D:5      | Found a radiant altar of Vehumet.
  3982 | D:5      | Reached * piety under Ashenzari
  4311 | D:5      | Killed Crazy Yiuf
  4473 | D:6      | Found a glowing drain.
  4484 | Sewer    | Entered a sewer
  4581 | Sewer    | Found a white marble altar of Elyvilon.
  4757 | D:6      | Reached XP level 9. HP: 65/65 MP: 21/21
  4867 | D:6      | Noticed Blork the orc
  4878 | D:6      | Killed Blork the orc
  4894 | D:6      | Identified the cursed +0 pair of boots of the Prophetic
                  | Vision {Elem, Evo} (You found it on level 1 of the Dungeon)
  4894 | D:6      | Identified the cursed +0 ring mail of Ashenzari's Sorrow
                  | {Alch, Elem} (You found it on level 1 of the Dungeon)
  5324 | D:7      | Found a sacrificial altar of Ru.
  5398 | D:7      | Found a runed translucent gate.
  5429 | D:7      | Found a runed translucent gate.
  5429 | D:7      | Found a runed translucent gate.
  5436 | D:7      | Found a runed translucent door.
  5443 | D:7      | Found the +9 staff of Olgreb {rPois∞}
  5450 | D:7      | Found a runed translucent door.
  5500 | D:7      | Noticed a kobold demonologist
  5501 | D:7      | Found a transporter.
  5501 | D:7      | Found an ancient bone altar of Kikubaaqudgha.
  5502 | D:7      | Noticed a centaur warrior
  5503 | D:7      | Noticed a boulder beetle
  5554 | D:7      | Found a transporter.
  5666 | D:7      | Reached skill level 5 in Invocations
  6682 | D:8      | Noticed a troll
  6691 | D:8      | Killed a troll
  6692 | D:8      | Reached skill level 5 in Fighting
  6692 | D:8      | Reached skill level 5 in Short Blades
  6692 | D:8      | Reached skill level 5 in Long Blades
  6692 | D:8      | Reached skill level 5 in Axes
  6692 | D:8      | Reached skill level 5 in Maces & Flails
  6692 | D:8      | Reached skill level 5 in Polearms
  6692 | D:8      | Reached skill level 5 in Staves
  6692 | D:8      | Reached skill level 5 in Ranged Weapons
  6692 | D:8      | Reached skill level 5 in Throwing
  6692 | D:8      | Reached skill level 5 in Armour
  6692 | D:8      | Reached skill level 5 in Shields
  6692 | D:8      | Reached skill level 5 in Unarmed Combat
  6692 | D:8      | Reached skill level 5 in Evocations
  6692 | D:8      | Reached XP level 10. HP: 63/74 MP: 22/22
  6859 | D:8      | Found a shimmering altar of Xom.
  6862 | D:8      | Reached ** piety under Ashenzari
  7017 | D:8      | Reached skill level 9 in Spellcasting
  7082 | D:8      | Found an opulent altar of Gozag.
  7146 | D:8      | Found an opulent altar of Gozag.
  7146 | D:8      | Found an opulent altar of Gozag.
  7152 | D:8      | Found an opulent altar of Gozag.
  7203 | D:8      | Noticed Psyche
  7219 | D:8      | Killed Psyche
  7549 | D:9      | Reached skill level 5 in Conjurations
  7549 | D:9      | Reached skill level 5 in Summonings
  7549 | D:9      | Reached skill level 5 in Translocations
  8163 | D:9      | Found the +5 Force Lance {heavy, knockback}
  8180 | D:9      | Reached *** piety under Ashenzari
  8246 | D:9      | Noticed Harold
  8258 | D:9      | Killed Harold
  8405 | D:9      | Found a staircase to the Lair.
  8406 | D:9      | Identified the +6 whip of the Beastly God {drain, rN+
                  | rCorr}
  8675 | D:9      | Reached skill level 5 in Hexes
  8675 | D:9      | Reached skill level 5 in Necromancy
  8675 | D:9      | Reached skill level 5 in Transmutations
  8675 | D:9      | Reached skill level 5 in Fire Magic
  8675 | D:9      | Reached skill level 5 in Ice Magic
  8675 | D:9      | Reached skill level 5 in Air Magic
  8675 | D:9      | Reached skill level 5 in Earth Magic
  8675 | D:9      | Reached skill level 5 in Poison Magic
  8684 | D:9      | Reached XP level 11. HP: 73/87 MP: 26/26
  8963 | Lair:1   | Entered Level 1 of the Lair of Beasts
  8972 | Lair:1   | Learned a level 3 spell: Mephitic Cloud
  9069 | Lair:1   | Noticed Amaemon
  9095 | Lair:1   | Killed Amaemon
  9693 | Lair:1   | Reached skill level 10 in Spellcasting
  9790 | Lair:1   | Reached XP level 12. HP: 27/96 MP: 28/28
 10208 | Lair:1   | Learned a level 4 spell: Fulminant Prism
 10919 | Lair:2   | Found a frozen archway.
 10944 | IceCv    | Entered an ice cave
 12662 | IceCv    | Learned a level 2 spell: Passwall
 13146 | IceCv    | Learned a level 3 spell: Swiftness
 13173 | IceCv    | HP: 3/97 [anaconda simulacrum (2)]
 13173 | IceCv    | Annihilated by an anaconda simulacrum

Illustrated notes

Levels and vault maps discovered:
D:1:      heliophobic_arrival_dark_side_of_the_moon, layout_rooms
D:2:      layout_rooms, hellmonk_ecumenical_altar_run_dry,
          kennysheep_decorative_pillar, hangedman_abyss_or_decor_stabs
D:3:      layout_rooms, gammafunk_temple_overflow_claw, uniq_sigmund, uniq_robin
D:4:      layout_basic, kennysheep_ying_yang, evilmike_ruin_ashenzari,
          serial_bayou_pond_e
D:5:      layout_basic, mainiacjoe_overflow_small_starburst,
          minmay_temple_entry_junction_2, enter_ossuary_5,
          uniq_crazy_yiuf_cottage
D:6:      layout_rooms, cheibrodos_sewer_entry_drain, uniq_blork_the_orc
D:7:      layout_loops_corners, gammafunk_temple_overflow_arena,
          nicolae_ru_great_annihilating_truth,
          minmay_guarded_unrand_staff_of_olgreb
D:8:      layout_gridville, led_xom_imps, nicolae_gozag_conspicuous_consumption,
          bh_walls_and_bars, uniq_psyche
D:9:      minmay_flawed_box, layout_basic, david_lair_generic, uniq_harold
Lair:1:   layout_long_grid, grunt_megastairs_1, uniq_amaemon
Lair:2:   layout_gridlike, portal_ice_cave_demonic_guard
IceCv:    ice_cave_statue_garden_chambered

Skill      XL: |  1  2  3  4  5  6  7  8  9 10 11 12 |
---------------+-------------------------------------+-----
Conjurations   | 2 3 4 5 6 |  6.6
Summonings     | 2 3 4 5 6 |  6.6
Translocations | 2 3 4 5 6 |  6.6
Invocations    | 1 2 3 4 5 6 7 8 |  8.2
Fighting       | 1 2 3 5 6 7 |  7.5
Short Blades   | 1 2 3 5 6 7 |  7.5
Long Blades    | 1 2 3 5 6 7 |  7.5
Axes           | 1 2 3 5 6 7 |  7.5
Maces & Flails | 1 2 3 5 6 7 |  7.5
Polearms       | 1 2 3 5 6 7 |  7.5
Staves         | 1 2 3 5 6 7 |  7.5
Ranged Weapons | 1 2 3 5 6 7 |  7.5
Throwing       | 1 2 3 5 6 7 |  7.5
Armour         | 1 2 3 5 6 7 |  7.5
Shields        | 1 2 3 5 6 7 |  7.5
Unarmed Combat | 1 2 3 5 6 7 |  7.5
Evocations     | 1 2 3 5 6 7 |  7.5
Hexes          | 1 2 3 4 5 6 |  6.2
Necromancy     | 1 2 3 4 5 6 |  6.2
Transmutations | 1 2 3 4 5 6 |  6.2
Fire Magic     | 1 2 3 4 5 6 |  6.2
Ice Magic      | 1 2 3 4 5 6 |  6.2
Air Magic      | 1 2 3 4 5 6 |  6.2
Earth Magic    | 1 2 3 4 5 6 |  6.2
Poison Magic   | 1 2 3 4 5 6 |  6.2
Dodging        | 5 6 7 8 |  8.9
Stealth        | 5 6 7 8 |  8.7
Spellcasting   | 8 9 10 | 10.4

Action                     |  1- 3 |  4- 6 |  7- 9 | 10-12 || total
---------------------------+-------+-------+-------+-------++-------
  Melee: Trident           |     1 |    98 |   307 |   472 ||   878
         Bite              |       |     4 |    23 |    56 ||    83
         Lance             |       |       |       |    11 ||    11
   Cast: Magic Dart        |    80 |       |       |    18 ||    98
         Mephitic Cloud    |       |       |       |     8 ||     8
         Fulminant Prism   |       |       |       |     8 ||     8
         Swiftness         |       |       |       |     1 ||     1
         Passwall          |       |       |       |     1 ||     1
 Invoke: Curse Item        |       |       |     2 |     3 ||     5
  Evoke: Wand              |       |       |       |     9 ||     9
    Use: Scroll            |       |       |     1 |       ||     1
         Potion            |       |       |       |     2 ||     2
   Stab: Sleeping          |       |       |    11 |     3 ||    14
         Paralysed         |       |       |     1 |       ||     1
         Confused          |       |       |       |     3 ||     3
 Armour: Robe              |     5 |       |       |       ||     5
         Ring mail         |       |    24 |    50 |   160 ||   234
         Skin              |       |       |    39 |       ||    39
  Dodge: Dodged            |     6 |    54 |   114 |   235 ||   409
  Block: Buckler           |       |    13 |    48 |   113 ||   174

Table legend: (Time is in decaauts)
 A = Elapsed time spent in this place.
 B = Non-inter-level travel time spent in this place.
 C = Inter-level travel time spent in this place.
 D = Time resting spent in this place.
 E = Time spent auto-exploring this place.
 F = Levels seen in this place.
 G = Mean time per level.
                   A        B        C        D        E       F      G
               +--------+--------+--------+--------+--------+-----+--------+
         Total |  13253 |  12713 |    540 |   3110 |   6821 |  14 |  946.6 |
       Dungeon |   8547 |   8012 |    535 |    593 |   5769 |   9 |  949.7 |
          Lair |   1961 |   1956 |      5 |    646 |    729 |   2 |  980.5 |
         Sewer |    239 |    239 |      0 |      0 |    143 |   1 |  239.0 |
       Ossuary |    288 |    288 |      0 |      0 |    180 |   1 |  288.0 |
      Ice Cave |   2216 |   2216 |      0 |   1871 |      0 |   1 | 2216.0 |
               +--------+--------+--------+--------+--------+-----+--------+

Top non-repeatable levels by time:
   IceCv: 2216 daAuts
  Lair:1: 1761 daAuts
     D:8: 1380 daAuts
     D:7: 1195 daAuts
     D:9: 1140 daAuts
     D:5: 995 daAuts
     D:1: 882 daAuts
     D:4: 789 daAuts
     D:2: 771 daAuts
     D:3: 769 daAuts
     D:6: 623 daAuts
 Ossuary: 288 daAuts
   Sewer: 239 daAuts
  Lair:2: 200 daAuts
